 Dungeon Crawl Stone Soup version 0.30.0 (webtiles) character file.

Game seed: 17834949121163457617

456 workbot the Conjurer (level 6, -2/40 (45) HPs)
             Began as a Demigod Conjurer on May 7, 2023.
             Slain by Edmund
             ... wielding a +2 flail of draining
              (13 damage)
             ... on level 5 of the Dungeon.
             The game lasted 00:17:11 (5518 turns).

workbot the Conjurer (Demigod Conjurer)             Turns: 5518, Time: 00:17:12

HP:   -2/40 (45)    AC:  3    Str:  5 (8)  XL:     6   Next: 47%
MP:   1/16          EV: 12    Int: 30 (32) God:
Gold: 200           SH:  0    Dex: 17 (18) Spells: 7/14 levels left

rFire   . . .        k - staff of air
rCold   . . .        (no shield)
rNeg    . . .        m - +0 robe of Loigiyddal {rCorr Int+4}
rPois   +            (no helmet)
rElec   +            n - scarf {shadows}
rCorr   +            (no gloves)
SInv    .            j - +0 pair of boots
Will    .....        (no amulet)
Stlth   ++           h - ring of poison resistance
HPRegen 0.26/turn    i - +6 ring of dexterity
MPRegen 0.15/turn

%: no passive effects
@: studying Ice Magic, heavily drained
A: high MP 1, forlorn, divine attributes
a: no special abilities


You were on level 5 of the Dungeon.
You visited 2 branches of the dungeon, and saw 6 of its levels.

You collected 200 gold pieces.

Inventory:

Armour
 j - a +0 pair of boots (worn)
 m - the +0 robe of Loigiyddal (worn) {rCorr Int+4}
   (You found it on level 3 of the Dungeon)

   Int:       It affects your intelligence (+4).
   rCorr:     It protects you from acid and corrosion.
 n - a scarf of shadows (worn)
Magical Staves
 k - a staff of air (weapon)
Jewellery
 c - a ring of resist corrosion
 h - a ring of poison resistance (left hand)
 i - a +6 ring of dexterity (right hand)
Scrolls
 b - a scroll of amnesia
 d - a scroll of teleportation
 f - a scroll of brand weapon
Potions
 e - a potion of resistance
 g - 2 potions of haste


   Skills:
 - Level 1.7 Dodging
 - Level 1.7 Stealth
 + Level 4.5 Spellcasting
 * Level 5.8 Conjurations
 + Level 0.0 Translocations


You had 7 spell levels left.
You knew the following spells:

 Your Spells              Type           Power      Damage    Failure   Level
a - Magic Dart            Conj           100%       1d8       1%          1
b - Searing Ray           Conj           84%        2d7       1%          2
c - Iskenderun's Mystic   Conj/Tloc      24%        2d7       19%         4

Your spell library contained the following spells:

 Spells                   Type           Power      Damage    Failure   Level
 Dazzling Flash           Conj/Hex       48%        N/A       5%          3
 Volatile Blastmotes      Fire/Tloc      12%        2d11      19%         3
 Fulminant Prism          Conj/Hex       12%        3d8       19%         4
 Agony                    Necr           6%         N/A       86%         5
 Lee's Rapid Deconstruct  Erth           3%         3d5*      86%         5
 Silence                  Hex/Air        5%         N/A       86%         5


Dungeon Overview and Level Annotations

Branches:
Dungeon (5/15)             Temple (1/1) D:4

Annotations:
D:5 Edmund


Innate Abilities, Weirdness & Mutations

You have an increased reservoir of magic. (+10% MP)
You shall have no god before yourself.
Your divine heritage dramatically boosts your attributes as you level up.


Message History

Edmund is knocked back by the mystic blast.
Casting: Iskenderun's Mystic Blast (quite dangerous; 19% risk of failure)
Confirm with . or Enter, or press ? or * to list all spells.
Aiming: Searing Ray (safe; 1% risk of failure)
Press: ? - help, Shift-Dir - straight line, f/p - Edmund
Aim: Edmund, wielding a +2 flail of draining and wearing a +2 scale mail of poison resistance (severely wounded, 84% to hit)
The searing ray misses Edmund. (Press . to maintain the ray.)
The searing ray misses Edmund.
Edmund hits you with a +2 flail of draining.
You feel drained.
The searing ray hits Edmund.
Edmund is almost dead.
Edmund barely misses you.
The searing ray hits Edmund.
Edmund is almost dead.
You finish channelling your searing ray.
Edmund hits you with a +2 flail of draining!
You feel drained. Edmund misses you.
Casting: Searing Ray (safe; 1% risk of failure)
Confirm with . or Enter, or press ? or * to list all spells.
Aiming: Magic Dart (safe; 1% risk of failure)
Press: ? - help, Shift-Dir - straight line, f/p - Edmund
Aim: Edmund, wielding a +2 flail of draining and wearing a +2 scale mail of poison resistance (almost dead, 100% to hit)
The magic dart hits Edmund.
Edmund is almost dead.
Edmund hits you with a +2 flail of draining!
* * * LOW HITPOINT WARNING * * *
You feel drained.
* * * LOW HITPOINT WARNING * * *
Casting: Magic Dart (safe; 1% risk of failure)
Confirm with . or Enter, or press ? or * to list all spells.
Aiming: Magic Dart (safe; 1% risk of failure)
Press: ? - help, Shift-Dir - straight line, f/p - Edmund
Aim: Edmund, wielding a +2 flail of draining and wearing a +2 scale mail of poison resistance (almost dead, 100% to hit)
The magic dart hits Edmund.
Edmund is almost dead.
Edmund hits you with a +2 flail of draining!
You die...

#.####..# #.#.....###
#.........##
....?...#..
#........####
#.#....@.....
#.....@.# ######.##
#.# ##'## ##...## ###
##<....## # ##.##
##.......#
##.#...####.........#
#.........'.........+


You could see Edmund.

Vanquished Creatures
  2 scorpions (D:4)
  Terence (D:3)
  An orc wizard (D:4)
  9 gnolls (D:4)
  7 adders
  2 worms
  4 dart slugs
  16 orcs
  12 ball pythons
  6 bats
  12 endoplasms
  3 giant cockroaches
  5 goblins
  8 hobgoblins
  6 jackals (D:1)
  5 kobolds
  3 quokkas
  3 frilled lizards
  9 rats
114 creatures vanquished.

Vanquished Creatures (others)
  9 plants (D:1)
9 creatures vanquished.

Grand Total: 123 creatures vanquished

Notes
Turn   | Place    | Note
-------+----------+-------------------------------------------
     0 | D:1      | workbot the Demigod Conjurer began the quest for the Orb.
     0 | D:1      | Reached XP level 1. HP: 14/14 MP: 5/5
   167 | D:1      | Reached XP level 2. HP: 17/20 MP: 0/7
   346 | D:1      | Reached skill level 4 in Conjurations
   898 | D:1      | Reached XP level 3. HP: 22/26 MP: 1/9
  1416 | D:2      | You fall into a shaft and drop 2 floors!
  1710 | D:4      | Noticed a scorpion
  1754 | D:4      | Found a staircase to the Ecumenical Temple.
  1776 | Temple   | Entered the Ecumenical Temple
  1957 | D:4      | Reached XP level 4. HP: 33/33 MP: 6/11
  2074 | D:3      | Noticed Terence
  2078 | D:3      | Learned a level 2 spell: Searing Ray
  2085 | D:3      | Killed Terence
  3272 | D:3      | Identified the +0 robe of Loigiyddal {rCorr Int+4}
  3445 | D:3      | Reached XP level 5. HP: 38/38 MP: 8/13
  3472 | D:3      | Reached skill level 5 in Conjurations
  4332 | D:4      | Reached XP level 6. HP: 45/45 MP: 8/15
  5442 | D:5      | Entered Level 5 of the Dungeon
  5463 | D:5      | Learned a level 4 spell: Iskenderun's Mystic Blast
  5488 | D:5      | Noticed Edmund
  5518 | D:5      | Slain by Edmund

Illustrated notes

Levels and vault maps discovered:
D:1:      matt_arrival_spirals, layout_basic, serial_bayou,
          serial_bayou_shore_a, serial_bayou_pond_b, serial_bayou_lagoon_a,
          serial_bayou_ford_a, serial_bayou_shore_b, serial_bayou_pond_e
D:2:      minmay_spotlight, layout_loops_ring
D:3:      minmay_chambers_of_threes, layout_loops_cross, gup_sewer_entry_bowl,
          uniq_terence
D:4:      kennysheep_six_static_rooms, layout_basic,
          minmay_temple_entry_purple_smoke
D:5:      minmay_evil_eye, layout_loops_corners, serial_shops, shop,
          nicolae_shop_window_shopping, nicolae_shop_dealshenge,
          nicolae_take_the_stairs, minmay_misc_feat_alley, uniq_edmund
Temple:   nicolae_temple_elliptical

Skill      XL: |  1  2  3  4  5 |
---------------+----------------+-----
Spellcasting   | 2 3 4 |  4.5
Conjurations   | 4 5 |  5.8
Dodging        | |  1.7
Stealth        | |  1.7

Action                     |  1- 3 |  4- 6 || total
---------------------------+-------+-------++-------
  Melee: Unarmed           |     7 |       ||     7
         Punch             |     1 |       ||     1
         Mace              |    13 |       ||    13
         Staff             |       |    18 ||    18
   Cast: Magic Dart        |    95 |   135 ||   230
         Searing Ray       |       |    12 ||    12
         Iskenderun's Myst |       |     1 ||     1
    Use: Potion            |     3 |     6 ||     9
         Scroll            |     2 |     4 ||     6
 Armour: Robe              |     5 |    10 ||    15
  Dodge: Dodged            |    26 |    38 ||    64
